 Dungeon Crawl Stone Soup version 0.24.0-2-g5b39cebb1c (webtiles) character file.

Game seed: 16604403469758942693, levelgen mode: deterministic

0 Esekla the Skirmisher (level 1, 15/16 HPs)
             Began as an Octopode Abyssal Knight on Oct 30, 2019.
             Was an Initiate of Lugonu.
             Got out of the dungeon alive.
             The game lasted 00:02:31 (199 turns).

Esekla the Skirmisher (Octopode Abyssal Knight)      Turns: 199, Time: 00:02:32

Health: 15/16      AC:  1    Str: 11    XL:     1   Next: 0%
Magic:  1/2        EV: 13    Int: 14    God:    Lugonu [......]
Gold:   10         SH:  0    Dex: 11    Spells: 0/0 levels left

rFire    + . .     SeeInvis .   a - +1 falchion
rCold    x . .     Gourm    .   (no shield)
rNeg     . . .     Faith    .   (helmet restricted)
rPois    .         Spirit   .   (no amulet)
rElec    .         Reflect  .   d - ring of fire
rCorr    .         Harm     .   (no ring)
MR       .....                  (no ring)
Stlth    ++........             (no ring)
HPRegen  0.05/turn              (no ring)
MPRegen  0.08/turn              (no ring)
                                (no ring)
                                (no ring)

@: no status effects
A: almost no armour, stealthy swim, amphibious, 8 rings, constrict 8, camouflage
1, gelatinous body 1
a: Renounce Religion


You escaped.
You worshipped Lugonu.
Lugonu was noncommittal.
You were not hungry.

You visited 1 branch of the dungeon, and saw 1 of its levels.
You visited the Abyss 1 time.

You collected 10 gold pieces.

Inventory:

Hand Weapons
 a - a +1 falchion (weapon)
Jewellery
 d - a ring of fire (left tentacle)
Potions
 c - a potion of mutation {unknown}
Comestibles
 b - a ration


   Skills:
 + Level 3.0 Fighting
 * Level 2.0 Long Blades
 + Level 2.3 Dodging
 + Level 2.0 Invocations


You couldn't memorise any spells.
You didn't know any spells.
Your spell library was empty.

Dungeon Overview and Level Annotations

Branches:
Dungeon (1/15)

Altars:


Innate Abilities, Weirdness & Mutations

You cannot wear most types of armour.
You are very stealthy in the water. (Stealth+)
You are amphibious.
You can wear up to eight rings at the same time.
You can use your tentacles to constrict eight enemies at once.
Your skin changes colour to match your surroundings (Stealth+).
Your rubbery body absorbs attacks. (AC +1, EV +1)


Message History

A tentacle flies out from the starspawn's body!
A starspawn tentacle comes into view.
A tentacle flies out from the starspawn's body!
A starspawn tentacle comes into view.
A small abomination comes into view.
A large abomination comes into view.
You pass through the gate.
You can no longer depart the Abyss at will.
A rat, a hobgoblin and 2 kobolds come into view.
Found 9 stones and 2 boomerangs.
There is a staircase leading out of the dungeon here.
You feel more attuned to fire.
d - a ring of fire (left tentacle)
Press: ? - help, v - describe, . - travel
Here: a kobold, wielding a +0 short sword (resting)
The floor.
Are you sure you want to leave the Dungeon?
This will make you lose the game!
The kobold shouts!
The hobgoblin shouts!
The kobold throws a stone.
The stone closely misses you.
You have escaped!

#######
####.....#
.....⌠..#
.......## .
#......#..#
#.......K(#
#K.@.(#
#........#
#......#.#
.g....(##
.r...⌠..#
####.....#
#######


You could see a hobgoblin, 2 kobolds and a rat.

Vanquished Creatures (others)
  14 starspawn tentacles (Abyss:1)
14 creatures vanquished.

Notes
Turn   | Place    | Note
-------+----------+-------------------------------------------
     0 | Abyss:1  | Esekla the Octopode Abyssal Knight began the quest for the
                  | Orb.
     0 | Abyss:1  | Reached XP level 1. HP: 16/16 MP: 2/2
    71 | Abyss:1  | Noticed a tentacled starspawn
    71 | Abyss:1  | Noticed a large abomination
    86 | Abyss:1  | Noticed a small abomination
    88 | Abyss:1  | Noticed a small abomination
    94 | Abyss:1  | Noticed a large abomination
   141 | Abyss:1  | Noticed a tentacled starspawn
   159 | Abyss:1  | Noticed an ice devil
   171 | Abyss:1  | Noticed an ancient zyme
   172 | Abyss:1  | Noticed a small abomination
   182 | Abyss:1  | Noticed a small abomination
   190 | Abyss:1  | Noticed a large abomination
   196 | D:1      | Escaped the Abyss
   199 | D:$      | Got out of the dungeon alive.

Levels and vault maps discovered:
D:1:      dpeg_arrival_arbitrary_c, layout_basic

Action                   || total
-------------------------++-------
Invok: Depart the Abyss  ||     1
Dodge: Dodged            ||     3
       Rpst.: Falchion   ||     1
